 Dungeon Crawl Stone Soup version 0.31.0-9-g3a7656b989 (webtiles) character file.

Game seed: 10518715254203049207

231 qw the Ducker (level 5, -3/25 HPs)
             Began as a Spriggan Hunter on Feb 2, 2024.
             Incinerated by a bombardier beetle (5 damage)
             ... with a burning spray
             ... on level 3 of the Dungeon.
             The game lasted 00:00:28 (2144 turns).

qw the Ducker (Spriggan Hunter)                     Turns: 2144, Time: 00:00:29

Health: -3/25      AC:  3    Str:  7    XL:     5   Next: 73%
Magic:  6/6        EV: 22    Int: 11    God:
Gold:   117        SH:  0    Dex: 20    Spells: 4/4 levels left

rFire   . . .        a - +0 shortbow
rCold   . . .        (shield currently unavailable)
rNeg    . . .        c - +0 robe
rPois   .            (helmet restricted)
rElec   .            h - +0 cloak
rCorr   .            (gloves unavailable)
SInv    +            (boots unavailable)
Will    .....        g - amulet of regeneration
Stlth   +            (no ring)
HPRegen 1.04/turn    (no ring)
MPRegen 0.10/turn

%: no passive effects
@: on fire, about to teleport, glowing, very quick
A: very small, no large weapons, unfitting armour, see invisible, speed 3
a: no special abilities


You were on level 3 of the Dungeon.
You visited 1 branch of the dungeon, and saw 3 of its levels.

You collected 117 gold pieces.


Innate Abilities, Weirdness & Mutations

You are very small and have problems with some larger weapons.
You are too small for most types of armour.
You have supernaturally acute eyesight. (SInv)
You cover ground extremely quickly. (Speed+++)


   Skills:
 + Level 1.5 Fighting
 - Level 5.0 Ranged Weapons
 - Level 7.0 Dodging
 - Level 1.5 Stealth


You had 4 spell levels left.
You didn't know any spells.
Your spell library was empty.

Inventory:

Hand Weapons
 a - a +0 shortbow (weapon)
Armour
 c - a +0 robe (worn)
 h - a +0 cloak (worn)
Jewellery
 g - an amulet of regeneration (around neck)
Potions
 b - a potion of mutation {unknown}
 d - a potion of cancellation {unknown}
 e - a potion of might {unknown}
 i - a potion of lignification {unknown}
 j - a potion of invisibility {unknown}

Dungeon Overview and Level Annotations

Branches:
Dungeon (3/15)

Altars:
Elyvilon

Shops:
D:3 :


Message History

Found 4 boomerangs.
You shoot an arrow. The arrow misses the quokka.
You shoot an arrow. The arrow barely misses the quokka.
You shoot an arrow. The arrow hits the quokka!
You kill the quokka!
There is an entrance to Jafou's Book Shop here.
Found a stone staircase leading down.
Found an ichor-stained ring mail and a scroll of vulnerability.
You see here a scroll of vulnerability.
Found a ring mail.
Found a buckler.
You see here a +0 buckler.
e - a lumpy grey potion A bombardier beetle comes into view.
Found 13 gold pieces.
You shoot an arrow.
The arrow hits the bombardier beetle but does no damage.
The bombardier beetle sprays incendiary fluid at you.
The burning spray hits you.
You are covered in liquid fire!
You shoot an arrow.
The arrow hits the bombardier beetle but does no damage.
The liquid fire burns you!
You shoot an arrow.
The arrow barely misses the bombardier beetle.
The liquid fire burns you!
You shoot an arrow.
The arrow hits the bombardier beetle but does no damage.
The liquid fire burns you!
You shoot an arrow. The arrow hits the bombardier beetle!
The bombardier beetle is heavily wounded.
The liquid fire burns you!
2143 ||| READING scroll of teleportation.
As you read the scroll of teleportation, it crumbles to dust.
You feel strangely unstable. The liquid fire burns you!
You shoot an arrow. The arrow hits the bombardier beetle!
You kill the bombardier beetle!
The liquid fire burns you!
You die...

#.# #%<.7. #.#
#..... ##
#.######7.<. ..
#######....?.##...
.
........#####.####
#.###..#.####.#
##.##. #....# #.#
#.# ##.#. #.$.%#.#
#.########.. #@#
#...[.......
#.#####..#######..
#.#............#..
#.#.###..#####.#..
#.#.# #..# .#..
#.#.# #.[###...#..
#.#.# #........>..
#.#.###..###......
#................


There were no monsters in sight!

Vanquished Creatures
  Sigmund (D:3)
  A bombardier beetle (D:3)
  4 adders
  A dart slug (D:1)
  6 ball pythons
  5 endoplasms
  2 giant cockroaches (D:1)
  3 goblins
  2 hobgoblins (D:2)
  3 quokkas
  2 bats
  2 frilled lizards
  3 kobolds
  2 rats (D:2)
37 creatures vanquished.

Notes
Turn   | Place    | Note
-------+----------+-------------------------------------------
     0 | D:1      | qw the Spriggan Hunter began the quest for the Orb.
     0 | D:1      | Reached XP level 1. HP: 10/10 MP: 2/2
     0 | D:1      | 0 ||| qw: Version: 0.3-a-155-g5e7d8dd
     0 | D:1      | 0 ||| qw: Game counter: 2816
     0 | D:1      | 0 ||| qw: Melee chars always use a shield: true
     0 | D:1      | 0 ||| qw: God list: Okawaru
     0 | D:1      | 0 ||| qw: Allow faded altars: false
     0 | D:1      | 0 ||| qw: Do Orc after clearing Dungeon:15 true
     0 | D:1      | 0 ||| qw: Do second Lair branch before Depths: true
     0 | D:1      | 0 ||| qw: Lair rune preference: random
     0 | D:1      | 0 ||| qw: Goals: Normal
     0 | D:1      | 0 ||| PLANNING D:1-11
    61 | D:1      | Reached skill level 3 in Dodging
   371 | D:1      | Reached XP level 2. HP: 14/14 MP: 3/3
   485 | D:1      | Reached skill level 4 in Dodging
   938 | D:1      | 938 ||| UPGRADING to amulet of regeneration.
   943 | D:1      | 943 ||| READING scroll labelled UZIUCS LOJINGU.
   943 | D:1      | 943 ||| IDENTIFYING fuming purple potion
   944 | D:1      | 944 ||| READING scroll labelled OSOFIRCHECOV.
   948 | D:1      | 948 ||| DRINKING 2 orange potions.
   949 | D:1      | 949 ||| DROPPING scroll of butterflies.
   950 | D:1      | 950 ||| DROPPING potion of berserk rage.
   951 | D:1      | 951 ||| DROPPING potion of brilliance.
  1005 | D:2      | Reached XP level 3. HP: 12/18 MP: 4/4
  1014 | D:2      | Found a faded altar of an unknown god.
  1477 | D:2      | Found a white marble altar of Elyvilon.
  1829 | D:2      | 1829 ||| UPGRADING to +0 cloak.
  1834 | D:2      | 1834 ||| READING scroll labelled MEEBBY FEJETS.
  1975 | D:3      | 1975 ||| STAIRDANCE
  1986 | D:3      | Reached XP level 4. HP: 11/22 MP: 5/5
  2006 | D:3      | Noticed Sigmund
  2013 | D:3      | Killed Sigmund
  2014 | D:3      | Reached skill level 7 in Dodging
  2014 | D:3      | Reached XP level 5. HP: 25/25 MP: 6/6
  2084 | D:3      | Found Jafou's Book Shop.
  2142 | D:3      | HP: 4/25 [burnt (6)]
  2143 | D:3      | 2143 ||| READING scroll of teleportation.
  2143 | D:3      | HP: 1/25 [burnt (4)]
  2144 | D:3      | Incinerated by a bombardier beetle

Levels and vault maps discovered:
D:1:      giann_wishing_wells, layout_basic
D:2:      layout_basic, nicolae_ecumenical_snake_handling, basic_altar,
          minmay_ruptured
D:3:      layout_loops_ring, serial_shops, shop, grunt_ministairs_7,
          serial_park_tiny_pond, uniq_sigmund

Skill      XL: |  1  2  3  4 |
---------------+-------------+-----
Dodging        | 3 4 7 |  7.0
Ranged Weapons | 5 |  5.0
Fighting       | |  1.5
Stealth        | |  1.5

Action                     |  1- 3 |  4- 6 || total
---------------------------+-------+-------++-------
   Fire: Shortbow          |    93 |    26 ||   119
    Use: Scroll            |     3 |     1 ||     4
         Potion            |     1 |       ||     1
 Armour: Robe              |    23 |     4 ||    27
  Dodge: Dodged            |    58 |    12 ||    70

Table legend:
 A = Non-vault XP
 B = Vault XP
 C = Vault XP percentage of total XP
 D = Non-vault monster count
 E = Vault monster count
 F = Vault count percentage of total count
                 A         B        C        D         E       F
            +---------+---------+-------+---------+---------+-------
      Total |     124 |     249 |  66.8 |      27 |      10 |  27.0
            +---------+---------+-------+---------+---------+-------
        D:1 |      27 |       0 |   0.0 |      14 |       0 |   0.0
        D:2 |      39 |      22 |  36.1 |      10 |       7 |  41.2
        D:3 |      58 |     227 |  79.6 |       3 |       3 |  50.0
            +---------+---------+-------+---------+---------+-------
